cohdb
Replays
Latest Replays
All Replays
Popular Replays
Top Player Replays
Match Explorer
How It Works
Community
CoH3 Stats
Reddit
Sign in to upload your games and track your stats! →
Sign in with Steam
Match 43149951
Unlisted
Match 43149951
Overview
Messages
Build Orders
End
Pioneer Squad
Construct Infanterie Kompanie
Grenadier Squad
Selects Breakthrough Battlegroup
Selects Assault Grenadiers
Grenadier Squad
Grenadier Squad
Construct Luftwaffe Kompanie
Jäger Squad
Support Elements
Wirbelwind Flakpanzer
Selects Rapid Production
Wirbelwind Flakpanzer
Jäger Squad
Side Skirts
Marder III M Tank Destroyer
Imagodei
DibbeTC
0
0
Comments
sign in to comment!
No comments posted yet!